 Dungeon Crawl Stone Soup version 0.19-a0-1714-gcab94ab (webtiles) character file.

65 kae the Slasher (level 3, 0/31 HPs)
             Began as a Minotaur Fighter on Sept 28, 2016.
             Killed from afar by Sigmund (6 damage)
             ... with a puff of flame
             ... on level 2 of the Dungeon.
             The game lasted 00:01:17 (1049 turns).

kae the Slasher (Minotaur Fighter)                  Turns: 1049, Time: 00:01:18

Health: 0/31       AC:  7    Str: 26    XL:     3   Next: 94%
Magic:  2/2        EV:  7    Int:  5    God:
Gold:   28         SH:  0    Dex:  9    Spells: 0 memorised, 2 levels left

rFire  . . .     SeeInvis .     a - +0 long sword
rCold  . . .     Gourm    .     b - +0 scale mail
rNeg   . . .     Faith    .     c - +0 shield
rPois  .         Spirit   .     (helmet restricted)
rElec  .         Dismiss  .     (no cloak)
rCorr  .         Reflect  .     (no gloves)
MR     .....     Harm     .     (no boots)
Stlth  ..........               (no amulet)
                                (no ring)
                                (no ring)

@: confused, mighty
A: retaliatory headbutt, horns 2
a: no special abilities


You were on level 2 of the Dungeon.
You were hungry.

You visited 1 branch of the dungeon, and saw 2 of its levels.

You collected 28 gold pieces.

Inventory:

Hand Weapons
 a - a +0 long sword (weapon)
Armour
 b - a +0 scale mail (worn)
 c - a +0 shield (worn)
Jewellery
 i - an uncursed amulet of the gourmand {unknown}
Scrolls
 e - 3 scrolls of remove curse {unknown}
 h - a scroll of magic mapping {unknown}
 j - 2 scrolls of identify {unknown}
 k - a scroll of blinking {unknown}
Comestibles
 f - a bread ration
 l - 5 fruits
 m - a meat ration
 o - 3 chunks of flesh
 p - a beef jerky


   Skills:
 - Level 3.6 Fighting
 + Level 5.1 Long Blades
 - Level 3.6 Armour
 - Level 3.6 Shields


You had 2 spell levels left.
You didn't know any spells.

Dungeon Overview and Level Annotations

Branches:
Dungeon (2/15)

Altars:

Annotations:
D:2 Sigmund


Innate Abilities, Weirdness & Mutations

You reflexively headbutt those who attack you in melee.
You have a pair of horns on your head.


Message History

You bump into the rock wall.
You hear some strange, mumbled words.
A puff of flame appears from out of thin air!
The puff of flame hits you!
You bump into the rock wall.
You hear some strange, mumbled words.
Something tries to affect you, but you resist.
You barely miss something. Something hits you.
You bump into the rock wall.
Something hits you.
You bump into the rock wall.
Something hits you but does no damage. Something hits you!
* * * LOW HITPOINT WARNING * * *
You see here the felid skeleton of Natasha.
Something hits you but does no damage.
You see here the felid skeleton of Natasha.
You miss something. Your headbutt misses something.
You hear some strange, mumbled words.
A puff of flame appears from out of thin air!
The puff of flame hits you!
You die...

........# ########## ........#
#........# ### ........#
#........# #.# ........#
#........####.## ........#
#............... ........#
#........####.#.
%.......##########........####.#.
...%...........{..).........>..#.
....$...########@####.##.........
######### #.# #.###########
#.####.# #......# #..##### #..#
#..# #..# #..#


There were no monsters in sight!

Vanquished Creatures
  Natasha (D:2)
  An adder (D:2)
  3 giant cockroaches
  3 goblins
  3 hobgoblins (D:1)
  5 jackals
  A quokka (D:2)
  A ball python (D:1)
  5 bats (D:1)
  2 frilled lizards (D:1)
  3 kobolds
  3 rats
31 creatures vanquished.

Notes
Turn   | Place    | Note
-------+----------+-------------------------------------------
     0 | D:1      | kae the Minotaur Fighter began the quest for the Orb.
     0 | D:1      | Reached XP level 1. HP: 19/19 MP: 0/0
   106 | D:1      | Reached skill level 3 in Long Blades
   114 | D:1      | Reached XP level 2. HP: 19/26 MP: 1/1
   342 | D:1      | Reached skill level 4 in Long Blades
   672 | D:2      | Reached XP level 3. HP: 18/31 MP: 2/2
   796 | D:2      | Noticed Natasha
   822 | D:2      | Killed Natasha
   822 | D:2      | Reached skill level 5 in Long Blades
  1011 | D:2      | Noticed Sigmund
  1049 | D:2      | Killed from afar by Sigmund

Vault maps used:
D:1:      noname_arrival_rooms_in_the_neighbourhood, minmay_domino_4
D:2:      first_bread, nemelex_lonely_heart_becter, uniq_natasha,
          uniq_crazy_yiuf_cottage, uniq_sigmund

Skill      XL: |  1  2  3 |
---------------+----------+-----
Long Blades    | 3 4 5 |  5.1
Fighting       | |  3.6
Armour         | |  3.6
Shields        | |  3.6

Action                   || total
-------------------------++-------
Melee: Long sword        ||    85
       Headbutt          ||     6
  Use: Potion            ||     4
Armor: Scale mail        ||    47
Dodge: Dodged            ||    22
Block: Shield            ||    47
